AoeStats
← Otter

MegaRandom

504185041Analyzed
1v1 RM · 6d ago on Sep 4, 2026· 46m 36s· 2 players
Game mode
Random Map
Map size
Tiny (2 player)
Population
200
Speed
Normal
Resources
Standard
Victory
Conquest
Starting age
Dark Age
Ending age
Imperial Age
RankedLock teamsTeams togetherTeam positionsShared explorationLock speedFull tech treeHidden civsTurbo modeCheats
Victory
Defeat
🇩🇪 Teutons · Germany
704
+18
🇩🇪 Turks · Germany
750
-18
Otter
2:39 Loom
14:09 Feudal Age
17:22 Wheelbarrow
18:57 Double-Bit Axe
19:33 Fishing Lines
20:05 Stone Mining
20:06 Gold Mining
21:13 Horse Collar
24:59 Castle Age
22:45 Town Watch
22:54 Fletching
23:24 Scale Mail Armor
25:53 Forging
26:47 Medium Warships
26:28 Gillnets
27:03 Hand Cart
26:59 Bow Saw
28:16 Stone Shaft Mining
29:41 Bodkin Arrow
29:46 Padded Archer Armor
30:06 Chain Mail Armor
30:37 Squires
30:23 Arson
31:06 Ballistics
32:37 Bloodlines
32:37 Scale Barding Armor
33:59 Pikeman
40:45 Imperial Age
39:03 Masonry
41:22 Chain Barding Armor
41:55 Iron Casting
42:34 Chemistry
41:39 Siege Engineers
44:33 Plate Barding Armor
44:58 Blast Furnace
44:29 Plate Mail Armor
45:09 Two-Man Saw
43:33 Cavalier
46:20 Ironclad
46:26 Crenellations
46:30 Ironclad
nihil baxter
11:03 Feudal Age
12:48 Double-Bit Axe
13:15 Gold Mining
14:34 Wheelbarrow
15:51 Bloodlines
16:56 Horse Collar
17:11 Loom
26:45 Castle Age
25:14 Scale Barding Armor
25:12 Scale Mail Armor
25:25 Forging
28:24 Medium Warships
33:26 Imperial Age
31:10 Bow Saw
31:03 Heavy Plow
32:50 Chain Barding Armor
33:05 Iron Casting
36:11 Town Watch
46:12 Gold Shaft Mining
Connection lost

Rejoining the realm…

Still unreachable

The connection could not be restored.

Session expired

The server has moved on; the page needs a fresh start.